 Dungeon Crawl Stone Soup version 0.23.2-1-ga50397a (webtiles) character file.

Game seed: 16432421642571013928

71 dvd the Covered (level 4, -6/35 HPs)
             Began as a Mummy Fighter on May 9, 2019.
             Was an Initiate of Gozag.
             Blown up by Ijyb (8 damage)
             ... with a wand of disintegration (18)
             ... on level 3 of the Dungeon.
             The game lasted 00:03:43 (2196 turns).

dvd the Covered (Mummy Fighter)                     Turns: 2196, Time: 00:03:44

Health: -6/35      AC: 13    Str: 19    XL:     4   Next: 5%
Magic:  4/4        EV:  3    Int:  7    God:    Gozag
Gold:   141        SH:  9    Dex: 12    Spells: 3/3 levels left

rFire    x . .     SeeInvis .   a - +0 war axe
rCold    + . .     Gourm    .   c - +0 shield
rNeg     + + +     Faith    .   h - +0 plate armour
rPois    ∞         Spirit   .   g - +0 helmet
rElec    .         Reflect  .   k - +0 cloak
rCorr    .         Harm     .   (no gloves)
MR       .....                  (no boots)
Stlth    ..........             f - amulet of magic regeneration
HPRegen  0.11/turn              (no ring)
MPRegen  0.34/turn              (no ring)

@: gold aura
A: no food or potions, fire vulnerability, cold resistance 1, negative energy
resistance 3, torment resistance, unbreathing
a: Potion Petition, Call Merchant, Bribe Branch, Renounce Religion


You were on level 3 of the Dungeon.
You worshipped Gozag.
Gozag was aware of your devotion.
You were not hungry.

You visited 1 branch of the dungeon, and saw 3 of its levels.

You collected 153 gold pieces.
You paid 12 gold pieces to Gozag.

Inventory:

Hand Weapons
 a - a +0 war axe (weapon)
 m - a +3 mace
Armour
 b - a +0 scale mail
 c - a +0 shield (worn)
 g - a +0 helmet (worn)
 h - a +0 plate armour (worn)
 k - a +0 cloak (worn)
Jewellery
 f - an amulet of magic regeneration (around neck)
Wands
 p - a wand of acid (5)
Scrolls
 d - 2 scrolls of noise {unknown}
 e - 3 scrolls of identify {unknown}
 i - a scroll of fear {unknown}
 j - 2 scrolls of teleportation {unknown}
 l - a scroll of remove curse {unknown}
 n - a scroll of enchant armour {unknown}
 o - a scroll of fog {unknown}


   Skills:
 + Level 3.0 Fighting
 + Level 2.5 Axes
 * Level 3.1 Armour
 + Level 0.1 Stealth
 + Level 2.8 Shields


You had 3 spell levels left.
You didn't know any spells.
Your spell library was empty.

Dungeon Overview and Level Annotations

Branches:
Dungeon (3/15)

Altars:
Gozag
Nemelex Xobeh
Okawaru
Trog
Vehumet
The Shining One

Annotations:
D:3 Ijyb


Innate Abilities, Weirdness & Mutations

You do not eat or drink.
Your flesh is vulnerable to fire.
You are immune to poison.
Your flesh is cold resistant. (rC+)
You are immune to negative energy. (rN+++)
You are immune to unholy pain and torment.
You can survive without breathing.


Message History

The adder bites you but does no damage. x2
You hit the adder.
The adder is heavily wounded.
The adder bites you. The adder bites you but does no damage.
You hit the adder.
You kill the adder!
You have reached level 4!
The kobold shoots a poisoned needle.
You block the poisoned needle.
The leopard gecko bites you but does no damage.
You slash the leopard gecko!
You kill the leopard gecko!
You miss Ijyb. Ijyb hits you but does no damage.
You hit Ijyb but do no damage.
Ijyb zaps a wand.
You are blasted!
Ijyb zaps a wand.
You are blasted!
* * * LOW HITPOINT WARNING * * *
The kobold becomes distracted by the nearby gold, dreaming of imaginary riches.
Your shield and plate armour prevent you from hitting Ijyb.
The kobold shouts!
Ijyb zaps a wand.
You are blasted!
You die...

##.# #.#
#.# #.#
#.# #.#
#.# #.#
#@# #g#
#K# #w#
#.. ....
.....
#####
....[..
.....
........
.....


You could see Ijyb, a worm and a kobold.

Vanquished Creatures
  An adder (D:3)
  An ooze (D:1)
  4 leopard geckos
  An orc (D:3)
  A ball python (D:3)
  6 bats
  3 giant cockroaches
  8 goblins
  4 hobgoblins (D:1)
  4 jackals (D:1)
  A frilled lizard (D:1)
  7 kobolds
  6 rats
47 creatures vanquished.

Vanquished Creatures (others)
  A giant cockroach (D:2)
  A rat (D:2)
2 creatures vanquished.

Grand Total: 49 creatures vanquished

Notes
Turn   | Place    | Note
-------+----------+-------------------------------------------
     0 | D:1      | dvd the Mummy Fighter began the quest for the Orb.
     0 | D:1      | Reached XP level 1. HP: 18/18 MP: 1/1
   209 | D:1      | Reached XP level 2. HP: 16/24 MP: 2/2
   603 | D:1      | Reached XP level 3. HP: 26/29 MP: 3/3
  1160 | D:2      | Found a sparkling altar of Nemelex Xobeh.
  1359 | D:2      | Found a radiant altar of Vehumet.
  1463 | D:2      | Found an iron altar of Okawaru.
  1464 | D:2      | Found a glowing golden altar of the Shining One.
  1738 | D:2      | Found a bloodstained altar of Trog.
  1739 | D:2      | Found an opulent altar of Gozag.
  1744 | D:2      | Became a worshipper of Gozag Ym Sagoz the Greedy
  2187 | D:3      | Noticed Ijyb
  2190 | D:3      | Reached XP level 4. HP: 34/35 MP: 4/4
  2196 | D:3      | Blown up by Ijyb

Skill      XL: |  1  2  3 |
---------------+----------+-----
Axes           | 2 |  2.5
Armour         | 3 |  3.1
Fighting       | |  3.0
Stealth        | |  0.1
Shields        | |  2.8

Action                   |  1- 3 |  4- 6 || total
-------------------------+-------+-------++-------
Melee: War axe           |   172 |     4 ||   176
Armor: Scale mail        |    29 |       ||    29
       Plate armour      |   132 |     2 ||   134
Dodge: Dodged            |    47 |       ||    47
Block: Shield            |   120 |     1 ||   121
